TOP OF THE 1ST |
Clearwater Crab People batting - Pitching for Plymouth Cocks : RHP Luis Miguel Laqui
|
Pitching: RHP Luis Miguel Laqui
|
|
Batting: RHB José Rodríguez
|
0-0: Called Strike 0-1: Ball 1-1: Ball 2-1: Swinging Strike 2-2: Foul Ball, location: 2F 2-2: Strikes out swinging
|
Batting: RHB Garry Taylor
|
0-0: Ball 1-0: Ball 2-0: Swinging Strike 2-1: Swinging Strike 2-2: Strikes out swinging
|
Batting: LHB Ryan Martin
|
0-0: Ball 1-0: Called Strike 1-1: Ball 2-1: Ball 3-1: Ground out 4-3 (Groundball, 4M)
|
Top of the 1st over - 0 run(s), 0 hit(s), 0 error(s), 0 left on base; Clearwater 0 - Plymouth 0 |
BOTTOM OF THE 1ST |
Plymouth Cocks batting - Pitching for Clearwater Crab People : RHP Bill Williams
|
Pitching: RHP Bill Williams
|
|
Batting: SHB José Chávez
|
0-0: Called Strike 0-1: Ball 1-1: SINGLE (Line Drive, 6M)
|
Batting: RHB Dwayne Roldán
|
0-0: Ball 1-0: Ball 2-0: Ball 3-0: Called Strike 3-1: Called Strike 3-2: Ground out U3 (Groundball, 34) José Chávez to second
|
Batting: LHB T.J. Richardson
|
0-0: Ball 1-0: Ball 2-0: Ball 3-0: Called Strike 3-1: Swinging Strike 3-2: Base on Balls
|
Batting: RHB Troy González
|
0-0: Called Strike 0-1: Grounds into double play, 6-4-3 (Groundball, 56)
|
Bottom of the 1st over - 0 run(s), 1 hit(s), 0 error(s), 1 left on base; Clearwater 0 - Plymouth 0 |
TOP OF THE 2ND |
Clearwater Crab People batting - Pitching for Plymouth Cocks : RHP Luis Miguel Laqui
|
Batting: LHB José Pérez
|
0-0: SINGLE (Groundball, 6MD)
|
Batting: RHB Brandon Davis
|
0-0: Ball 1-0: Ball 2-0: Ball 3-0: Called Strike 3-1: Foul Ball, location: 2F 3-2: SINGLE (Groundball, 6MD) José Pérez to second
|
Batting: RHB Roald van Bladel
|
0-0: Ball 1-0: Ball 2-0: Called Strike 2-1: Fly out, F8 (Flyball, 8RS)
|
Batting: RHB Artie Mills
|
0-0: Ball 1-0: Foul Ball, location: 2F 1-1: Called Strike 1-2: Ball 2-2: Foul Ball, location: 2F 2-2: DOUBLE (Flyball, 8RXD) José Pérez scores Brandon Davis to third
|
Batting: RHB Juan Carlos Cruz
|
0-0: Ball 1-0: Ball 2-0: Fly out, F8 (Line Drive, 8LM) Runner from 3rd tags up, SCORES, throw made
|
Batting: RHB Bobby Burks
|
0-0: Ball 1-0: Foul Ball, location: 2F 1-1: Swinging Strike 1-2: Foul Ball, location: 2F 1-2: Strikes out looking
|
Top of the 2nd over - 2 run(s), 3 hit(s), 0 error(s), 1 left on base; Clearwater 2 - Plymouth 0 |
BOTTOM OF THE 2ND |
Plymouth Cocks batting - Pitching for Clearwater Crab People : RHP Bill Williams
|
Batting: RHB Jason Cook
|
0-0: Ball 1-0: Reached on error, E9 (Flyball, 9S)
|
Batting: RHB Sam Elder
|
0-0: Foul Ball, location: 2F 0-1: Ball 1-1: SINGLE (Line Drive, 89M) Jason Cook to second
|
Batting: RHB Jeffrey Barker
|
0-0: Called Strike Jason Cook steals 3rd base Sam Elder to second 0-1: Ball 1-1: Ball 2-1: Swinging Strike 2-2: Ground out 6-3 (Groundball, 6) Jason Cook scores
|
Batting: RHB Rob Palmer
|
0-0: Called Strike 0-1: Called Strike 0-2: Foul Ball, location: 2F 0-2: Ball 1-2: Ball 2-2: Ball 3-2: SINGLE (Line Drive, 34D) Sam Elder to third
|
Batting: RHB Lynn Johnson
|
0-0: Foul Ball, location: 2F 0-1: Ball 1-1: Ball 2-1: Called Strike 2-2: Strikes out looking
|
Batting: SHB José Chávez
|
0-0: Ball Wild Pitch! Sam Elder scores Rob Palmer to second 1-0: DOUBLE (Line Drive, 9LM) Rob Palmer scores
|
Batting: RHB Dwayne Roldán
|
0-0: Called Strike 0-1: Called Strike 0-2: Ball 1-2: Ball 2-2: Ground out 5-3 (Groundball, 56)
|
Bottom of the 2nd over - 3 run(s), 3 hit(s), 1 error(s), 1 left on base; Clearwater 2 - Plymouth 3 |
TOP OF THE 3RD |
Clearwater Crab People batting - Pitching for Plymouth Cocks : RHP Luis Miguel Laqui
|
Batting: RHB José Rodríguez
|
0-0: Called Strike 0-1: Ball 1-1: Ball 2-1: Ball 3-1: Foul Ball, location: 2F 3-2: Strikes out swinging
|
Batting: RHB Garry Taylor
|
0-0: Called Strike 0-1: Foul Ball, location: 2F 0-2: Ball 1-2: Fly out, F6 (Line Drive, 6M)
|
Batting: LHB Ryan Martin
|
0-0: Foul Ball, location: 2F 0-1: Called Strike 0-2: Strikes out swinging
|
Top of the 3rd over - 0 run(s), 0 hit(s), 0 error(s), 0 left on base; Clearwater 2 - Plymouth 3 |
BOTTOM OF THE 3RD |
Plymouth Cocks batting - Pitching for Clearwater Crab People : RHP Bill Williams
|
Batting: LHB T.J. Richardson
|
0-0: Called Strike 0-1: DOUBLE (Line Drive, 7LS)
|
Batting: RHB Troy González
|
0-0: Called Strike 0-1: Called Strike 0-2: Fly out, F9 (Flyball, 89D) Runner from 2nd tags up, SAFE at 3rd, no throw
|
Batting: RHB Jason Cook
|
0-0: Called Strike 0-1: Ball 1-1: Foul Ball, location: 2F 1-2: Ball 2-2: Foul Ball, location: 2F 2-2: Fly out, F5 (Popup, 5D)
|
Batting: RHB Sam Elder
|
0-0: Ball 1-0: Called Strike 1-1: 2-RUN HOME RUN (Flyball, 7D), Distance : 396 ft
|
Batting: RHB Jeffrey Barker
|
0-0: Called Strike 0-1: Called Strike 0-2: Ball 1-2: SINGLE (Groundball, 34D)
|
Batting: RHB Rob Palmer
|
0-0: Ball 1-0: Foul Ball, location: 2F 1-1: Foul Ball, location: 2F 1-2: Foul Ball, location: 2F 1-2: Foul Ball, location: 2F 1-2: Foul Ball, location: 2F 1-2: Foul Ball, location: 2F 1-2: Foul Ball, location: 2F 1-2: Strikes out looking
|
Bottom of the 3rd over - 2 run(s), 3 hit(s), 0 error(s), 1 left on base; Clearwater 2 - Plymouth 5 |
TOP OF THE 4TH |
Clearwater Crab People batting - Pitching for Plymouth Cocks : RHP Luis Miguel Laqui
|
Batting: LHB José Pérez
|
0-0: Foul Ball, location: 2F 0-1: Ball 1-1: Foul Ball, location: 2F 1-2: Ball 2-2: Fly out, F8 (Flyball, 8RM)
|
Batting: RHB Brandon Davis
|
0-0: Ball 1-0: Swinging Strike 1-1: Ball 2-1: Swinging Strike 2-2: Foul Ball, location: 2F 2-2: Ball 3-2: Strikes out swinging
|
Batting: RHB Roald van Bladel
|
0-0: Called Strike 0-1: Swinging Strike 0-2: Ball 1-2: Ball 2-2: Strikes out swinging
|
Top of the 4th over - 0 run(s), 0 hit(s), 0 error(s), 0 left on base; Clearwater 2 - Plymouth 5 |
BOTTOM OF THE 4TH |
Plymouth Cocks batting - Pitching for Clearwater Crab People : RHP Bill Williams
|
Batting: RHB Lynn Johnson
|
0-0: Ball 1-0: Called Strike 1-1: Ball 2-1: Ball 3-1: Ground out 6-3 (Groundball, 6M)
|
Batting: SHB José Chávez
|
0-0: Called Strike 0-1: Ball 1-1: Ball 2-1: Ball 3-1: Swinging Strike 3-2: Base on Balls
|
Pitching: RHP Greg Yager
|
|
Batting: RHB Dwayne Roldán
|
0-0: Called Strike 0-1: SINGLE (Line Drive, 9LS) José Chávez to second
|
Batting: LHB T.J. Richardson
|
0-0: Called Strike 0-1: Fielders Choice at 2nd, 4-6 (Groundball, 4) José Chávez to third
|
Batting: RHB Troy González
|
0-0: Ball 1-0: Called Strike 1-1: Ball 2-1: Foul Ball, location: 2F 2-2: Fielders Choice at 2nd, 5-4 (Groundball, 5)
|
Bottom of the 4th over - 0 run(s), 1 hit(s), 0 error(s), 1 left on base; Clearwater 2 - Plymouth 5 |
TOP OF THE 5TH |
Clearwater Crab People batting - Pitching for Plymouth Cocks : RHP Luis Miguel Laqui
|
Batting: RHB Artie Mills
|
0-0: Called Strike 0-1: Ball 1-1: Foul Ball, location: 2F 1-2: Ball 2-2: Ball 3-2: SINGLE (Groundball, 4MD)
|
Batting: RHB Juan Carlos Cruz
|
0-0: Fly out, F8 (Flyball, 8LM)
|
Batting: RHB Bobby Burks
|
0-0: Swinging Strike 0-1: Fly out, F7 (Line Drive, 7S)
|
Pitching: RHP Gordon Young
|
|
Batting: RHB José Rodríguez
|
0-0: Ball 1-0: Foul Ball, location: 2F 1-1: Ball 2-1: Ball 3-1: Foul Ball, location: 2F 3-2: Foul Ball, location: 2F 3-2: Foul Ball, location: 2F 3-2: Ground out 4-3 (Groundball, 4M)
|
Top of the 5th over - 0 run(s), 1 hit(s), 0 error(s), 1 left on base; Clearwater 2 - Plymouth 5 |
BOTTOM OF THE 5TH |
Plymouth Cocks batting - Pitching for Clearwater Crab People : RHP Greg Yager
|
Batting: RHB Jason Cook
|
0-0: Ground out 6-3 (Groundball, 6)
|
Batting: RHB Sam Elder
|
0-0: Ball 1-0: Swinging Strike 1-1: Foul Ball, location: 2F 1-2: Ground out 5-3 (Groundball, 5)
|
Batting: RHB Jeffrey Barker
|
0-0: Called Strike 0-1: Swinging Strike 0-2: Ball 1-2: Foul Ball, location: 2F 1-2: Ball 2-2: Foul Ball, location: 2F 2-2: Ground out 1-3 (Groundball, 13S)
|
Bottom of the 5th over - 0 run(s), 0 hit(s), 0 error(s), 0 left on base; Clearwater 2 - Plymouth 5 |
TOP OF THE 6TH |
Clearwater Crab People batting - Pitching for Plymouth Cocks : RHP Gordon Young
|
Batting: RHB Garry Taylor
|
0-0: Ball 1-0: Foul Ball, location: 2F 1-1: Called Strike 1-2: Strikes out looking
|
Batting: LHB Ryan Martin
|
0-0: Foul Ball, location: 2F 0-1: Ball 1-1: Foul Ball, location: 2F 1-2: Ball 2-2: Foul Ball, location: 2F 2-2: Strikes out swinging
|
Batting: LHB José Pérez
|
0-0: SINGLE (Flyball, 89S)
|
Batting: RHB Brandon Davis
|
0-0: Ball 1-0: Swinging Strike 1-1: Ball 2-1: Ball 3-1: Called Strike 3-2: Ground out 4-3 (Groundball, 4)
|
Top of the 6th over - 0 run(s), 1 hit(s), 0 error(s), 1 left on base; Clearwater 2 - Plymouth 5 |
BOTTOM OF THE 6TH |
Plymouth Cocks batting - Pitching for Clearwater Crab People : RHP César Medina
|
Pitching: RHP César Medina
|
|
Batting: RHB Rob Palmer
|
0-0: Foul Ball, location: 2F 0-1: Ball 1-1: Called Strike 1-2: Ground out 4-3 (Groundball, 4)
|
Batting: RHB Lynn Johnson
|
0-0: Called Strike 0-1: Ball 1-1: Ground out 6-3 (Groundball, 6)
|
Batting: SHB José Chávez
|
0-0: Foul Ball, location: 2F 0-1: Ball 1-1: Ball 2-1: Ball 3-1: Foul Ball, location: 2F 3-2: Base on Balls
|
Batting: RHB Dwayne Roldán
|
0-0: Ball José Chávez is caught stealing 2nd base
|
Bottom of the 6th over - 0 run(s), 0 hit(s), 0 error(s), 0 left on base; Clearwater 2 - Plymouth 5 |
TOP OF THE 7TH |
Clearwater Crab People batting - Pitching for Plymouth Cocks : RHP Gordon Young
|
Batting: RHB Roald van Bladel
|
0-0: Called Strike 0-1: Ground out 6-3 (Groundball, 6)
|
Batting: RHB Artie Mills
|
0-0: Ball 1-0: Fly out, F8 (Flyball, 8RD)
|
Batting: RHB Juan Carlos Cruz
|
0-0: Ball 1-0: Foul Ball, location: 2F 1-1: Fly out, F2 (Popup, 2R)
|
Top of the 7th over - 0 run(s), 0 hit(s), 0 error(s), 0 left on base; Clearwater 2 - Plymouth 5 |
BOTTOM OF THE 7TH |
Plymouth Cocks batting - Pitching for Clearwater Crab People : RHP César Medina
|
Batting: RHB Dwayne Roldán
|
0-0: Ball 1-0: Ball 2-0: Ball 3-0: Called Strike 3-1: Called Strike 3-2: Fly out, F6 (Line Drive, 6)
|
Batting: LHB T.J. Richardson
|
0-0: Foul Ball, location: 2F 0-1: Ball 1-1: Swinging Strike 1-2: Strikes out swinging
|
Batting: RHB Troy González
|
0-0: Foul Ball, location: 2F 0-1: Called Strike 0-2: Ball 1-2: Ball 2-2: Ground out 6-3 (Groundball, 6M)
|
Bottom of the 7th over - 0 run(s), 0 hit(s), 0 error(s), 0 left on base; Clearwater 2 - Plymouth 5 |
TOP OF THE 8TH |
Clearwater Crab People batting - Pitching for Plymouth Cocks : RHP Gordon Young
|
Batting: RHB Bobby Burks
|
0-0: Swinging Strike 0-1: Ball 1-1: Ball 2-1: Ball 3-1: Called Strike 3-2: SINGLE (Flyball, 78S)
|
Pitching: RHP Jorge Martínez
|
|
Batting: RHB José Rodríguez
|
0-0: Foul Ball, location: 2F 0-1: Swinging Strike 0-2: Ball 1-2: Ball 2-2: Foul Ball, location: 2F 2-2: Strikes out swinging
|
Batting: RHB Garry Taylor
|
0-0: Ball 1-0: Ball 2-0: Ball 3-0: Called Strike 3-1: Foul Ball, location: 2F 3-2: Foul Ball, location: 2F 3-2: Foul Ball, location: 2F 3-2: Foul Ball, location: 2F 3-2: SINGLE (Line Drive, 7LS) Bobby Burks to second Bobby Burks to third
|
Pitching: LHP William Evans
|
|
Batting: LHB Ryan Martin
|
0-0: Ball 1-0: Ground out U3 (Groundball, 3S) Bobby Burks scores Garry Taylor to second
|
Batting: LHB José Pérez
|
0-0: Ball 1-0: Called Strike 1-1: Foul Ball, location: 2F 1-2: Ball 2-2: Fly out, F8 (Flyball, 8LM)
|
Top of the 8th over - 1 run(s), 2 hit(s), 0 error(s), 1 left on base; Clearwater 3 - Plymouth 5 |
BOTTOM OF THE 8TH |
Plymouth Cocks batting - Pitching for Clearwater Crab People : RHP César Medina
|
Batting: RHB Jason Cook
|
0-0: Ball 1-0: Ball 2-0: Ground out 5-3 (Groundball, 56)
|
Batting: RHB Sam Elder
|
0-0: SINGLE (Line Drive, 6M)
|
Batting: RHB Jeffrey Barker
|
0-0: Foul Ball, location: 2F 0-1: Foul Ball, location: 2F 0-2: Strikes out looking
|
Batting: RHB Rob Palmer
|
0-0: Swinging Strike 0-1: Fly out, F8 (Flyball, 8LD)
|
Bottom of the 8th over - 0 run(s), 1 hit(s), 0 error(s), 1 left on base; Clearwater 3 - Plymouth 5 |
TOP OF THE 9TH |
Clearwater Crab People batting - Pitching for Plymouth Cocks : LHP William Evans
|
Pitching: RHP Marvin Dixon
|
|
Batting: RHB Brandon Davis
|
0-0: Hit by Pitch
|
Pinch Hitting: RHB Juan González
|
0-0: Ball 1-0: Foul Ball, location: 2F 1-1: Ball 2-1: Fly out, F8 (Flyball, 78M)
|
Batting: RHB Artie Mills
|
0-0: Swinging Strike 0-1: Swinging Strike 0-2: Ball 1-2: Strikes out looking
|
Pinch Hitting: RHB Ricardo Blanco
|
0-0: Ball 1-0: Called Strike 1-1: Foul Ball, location: 2F 1-2: Strikes out looking
|
Top of the 9th over - 0 run(s), 0 hit(s), 0 error(s), 1 left on base; Clearwater 3 - Plymouth 5 |
|